[Event "Lichtenrader Herbst 2018"]
[Site "Berlin"]
[Date "2018.10.27"]
[Round "1"]
[White "Stern, Rene"]
[Black "Spors, Carl Philip"]
[Result "1-0"]
[ECO "E90"]
[WhiteElo "2527"]
[BlackElo "1868"]
[Annotator "ChessBase"]
[PlyCount "65"]
[EventDate "2018.10.27"]
[EventType "swiss"]
[EventCountry "GER"]
[SourceTitle "playchess.com"]
[Source "ChessBase"]
[SourceQuality "1"]
[TimeControl "40/5400+30:1800+30"]

1. Nf3 Nf6 2. c4 g6 3. Nc3 Bg7 4. e4 O-O 5. d4 d6 6. h3 e5 7. d5 Na6 8. Be3 Nh5 9. Nd2 Qe8 10. g3 f5 11. exf5 gxf5 12. Be2 Nf6 13. Qc2 c6 14. a3 Qf7 15. O-O-O cxd5 16. cxd5 Bd7 17. Nc4 Ne8 18. f4 b5 19. Na5 Nec7 20. fxe5 dxe5 21. d6 Ne6 22. Kb1 f4 23. gxf4 exf4 24. Bf2 Nec5 25. Bg4 b4 26. Bxc5 bxc3 27. Bd4 Bxd4 28. Rxd4 Bxg4 29. Rg1 h5 30. hxg4 h4 31. Nc6 Qf6 32. Ne7+ Kf7 33. Rxf4 1-0

[Event "Lichtenrader Herbst 2018"]
[Site "Berlin"]
[Date "2018.11.02"]
[Round "7"]
[White "Stets, Dmitry"]
[Black "Glantz, Robert"]
[Result "1/2-1/2"]
[ECO "B48"]
[WhiteElo "2373"]
[BlackElo "2285"]
[Annotator "NA"]
[PlyCount "80"]
[EventDate "2018.10.27"]
[EventType "swiss"]
[EventCountry "GER"]
[SourceTitle "playchess.com"]
[Source "ChessBase"]
[SourceQuality "1"]
[TimeControl "40/5400+30:1800+30"]

1. e4 c5 2. Nc3 Nc6 3. Nge2 e6 4. d4 cxd4 5. Nxd4 Qc7 6. Be3 a6 7. Qf3 {[%emt 0:00:32] B48: Sicilian: Taimanov: 5 Nc3 Qc7 6 Be3 a6 without Be2} Bd6 (7... Nf6 8. O-O-O Ne5 9. Qg3 b5 10. a3 Bb7 11. Bxb5 Rc8 12. Ba4 Nxe4 13. Nxe4 Bxe4 14. Bf4 Qc4 15. Bxe5 Qxa4 {1-0 (38) Vachier Lagrave,M (2789)-Anand,V (2776) Karlsruhe/Baden-Baden 2018}) 8. O-O-O Be5 9. g3 Nge7 10. Qe2 b5 11. f4 Bxd4 12. Bxd4 Nxd4 13. Rxd4 Rb8 $146 ({Predecessor:} 13... O-O 14. Bg2 Rb8 {1-0 (30) Potrata,J (2296)-Roehl Montes,J ICCF email 2015}) 14. e5 O-O 15. Bg2 f6 16. exf6 gxf6 17. Rhd1 b4 18. Ne4 d5 19. Nd2 Kh8 20. Nf3 a5 21. Kb1 {[%emt 0:10:40] [#]} a4 $1 22. Qd2 Qc5 23. Rd3 Nf5 24. g4 Nd6 25. Qe3 Qxe3 26. Rxe3 Ne4 27. h3 Rb6 28. a3 Ba6 29. axb4 Rxb4 30. Rd4 (30. c3 $11 Rb6 31. Ne1) 30... Bc4 31. c3 {[%emt 0:01:13] [#]} Rb6 ({Better is} 31... Rb3 $1 $19 32. Rxc4 Rfb8) 32. Nd2 Nxd2+ 33. Rxd2 Rfb8 34. Bf3 {[%emt 0:02:32] [#]} Kg7 $11 ({Black should try} 34... Rb3 $1 $17 35. Be2 {[#]} d4 $1 36. Bxc4 dxe3 37. Bxb3 exd2 38. Bxa4 e5) 35. Bd1 a3 36. b4 Rd6 37. Be2 Bb3 38. Bd1 Bc4 39. Be2 Bb3 40. Bd1 Bc4 1/2-1/2

[Event "Lichtenrader Herbst 2018"]
[Site "Berlin"]
[Date "2018.11.02"]
[Round "7"]
[White "Florstedt, Johannes"]
[Black "Kurayan, Ruslan"]
[Result "0-1"]
[ECO "B76"]
[WhiteElo "2310"]
[BlackElo "2385"]
[Annotator "NA"]
[PlyCount "78"]
[EventDate "2018.10.27"]
[EventType "swiss"]
[EventCountry "GER"]
[SourceTitle "playchess.com"]
[Source "ChessBase"]
[SourceQuality "1"]
[TimeControl "40/5400+30:1800+30"]

1. e4 c5 2. Nf3 d6 3. d4 Nf6 4. Nc3 cxd4 5. Nxd4 g6 6. Be3 Bg7 7. f3 O-O 8. Qd2 Nc6 9. O-O-O d5 10. exd5 Nxd5 11. Nxc6 bxc6 12. Bd4 Nxc3 13. Qxc3 Bh6+ 14. Be3 Bxe3+ 15. Qxe3 Qb6 16. Re1 {[%emt 0:00:09] B76: Sicilian Dragon: Yugoslav Attack, 9 g4 and 9 0-0-0} (16. Qxe7 Be6 17. Qa3 Rad8 18. Bd3 Rd5 19. b3 Rfd8 20. Rde1 Rd4 21. Re5 R8d5 22. Re2 Qd8 23. Rhe1 a5 24. Re4 a4 25. Rxd4 Rxd4 {½-½ (51) Wang,H (2724)-Timofeev,A (2690) Ningbo 2010}) 16... Be6 17. h4 Rfd8 $146 ({Predecessor:} 17... Rab8 18. b3 Rfd8 19. Qc3 Qd4 20. Qxd4 Rxd4 21. h5 Kg7 22. Re5 Rd5 23. Rxd5 cxd5 {½-½ (46) Abdumalik,Z (2379)-Kuderinov,K (2465) Moscow 2015}) 18. h5 Rab8 19. b3 Qxe3+ 20. Rxe3 c5 21. Bd3 Rd6 22. Re5 Rc8 23. Rh4 Rc7 24. Kb2 Kg7 25. h6+ Kf6 26. f4 c4 27. Be4 c3+ 28. Kc1 (28. Ka3 $11 {keeps the balance.} Rd4 29. g4 Bxg4 30. Rxg4 Rxe4 31. Rxe4) 28... Rd4 29. Bd3 Bf5 30. Bxf5 Rxf4 31. Rxf4 Kxe5 32. Rf3 gxf5 33. Rg3 (33. Kd1 $17) 33... Kf4 34. Rg7 e5 35. Rxh7 Rc6 $19 36. Kd1 Ke3 37. Rg7 Kf2 38. Rg5 Rd6+ 39. Kc1 Ke2 0-1

[Event "Lichtenrader Herbst 2018"]
[Site "Berlin"]
[Date "2018.11.04"]
[Round "9"]
[White "Polatel, Ali"]
[Black "Bruedigam, Martin"]
[Result "0-1"]
[ECO "A45"]
[WhiteElo "2214"]
[BlackElo "2392"]
[Annotator "ChessBase"]
[PlyCount "256"]
[EventDate "2018.10.27"]
[EventType "swiss"]
[EventCountry "GER"]
[SourceTitle "playchess.com"]
[Source "ChessBase"]
[SourceQuality "1"]
[TimeControl "40/5400+30:1800+30"]

1. d4 Nf6 2. Bg5 e6 3. e4 h6 4. Bxf6 Qxf6 5. c3 d6 6. Bc4 Nd7 7. Ne2 Qg6 8. Ng3 h5 9. h4 Be7 10. Nd2 Qh6 11. a4 Nf8 12. Be2 g6 13. Nf3 Nd7 14. a5 a6 15. e5 Qg7 16. exd6 cxd6 17. d5 e5 18. Ng5 Qh6 19. Qa4 O-O 20. Qa3 Nf6 21. c4 Nh7 22. N3e4 Rd8 23. Qg3 Bf5 24. Bd3 Bxe4 25. Nxe4 f5 26. Nc3 e4 27. Be2 Bf6 28. O-O Be5 29. Qe3 Qxe3 30. fxe3 Nf6 31. Kf2 Bxc3 32. bxc3 Nd7 33. Rfb1 Nc5 34. Rb6 Kg7 35. Kg3 Kf6 36. Kf4 Rd7 37. Rh1 Rc8 38. Rb4 Rdc7 39. Rb6 Rd8 40. Rd1 Na4 41. Rb3 Rg7 42. Kg3 Ke5 43. Kf2 Nc5 44. Rbb1 Rc8 45. Rb4 Rcc7 46. Rh1 Rgf7 47. Rh3 Nd7 48. Rh1 Rf8 49. Rhb1 Nc5 50. Rh1 Rfc8 51. Rd1 Rf7 52. g3 Rcc7 53. Rdb1 Kf6 54. Rb6 Ke7 55. R6b4 Kd8 56. Ke1 Kc8 57. Kd2 Nd7 58. Ra4 Rc5 59. Rbb4 Kb8 60. Bf1 Rf8 61. Ra3 Rfc8 62. Kc2 Ka7 63. Be2 R8c7 64. Rba4 Ne5 65. Kb3 Rf7 66. Ra1 Rc8 67. Rf1 Rfc7 68. Rfa1 Nd7 69. Kc2 Rb8 70. Rb4 Rc5 71. Rba4 Ra8 72. Rb4 Kb8 73. Bf1 Kc7 74. Be2 Rb8 75. Rba4 Rf8 76. Rb1 Ne5 77. Rf1 Kc8 78. Kb3 Rf7 79. Re1 Kc7 80. Kc2 Rf8 81. Rf1 Rg8 82. Kd2 Rb8 83. Rfa1 Ra8 84. Rb1 Nd7 85. Rba1 b6 86. axb6+ Kxb6 87. Rb1+ Kc7 88. Rb5 axb5 89. Rxa8 bxc4 90. Ra7+ Kd8 91. Ke1 Ne5 92. Ra4 Ke7 93. Kf2 Rxd5 94. Bxc4 Nxc4 95. Rxc4 Rc5 96. Ra4 Rxc3 97. Ra7+ Ke6 98. Rg7 Rc2+ 99. Kf1 Kf6 100. Rd7 Rc6 101. Rd8 Ke7 102. Ra8 d5 103. Rg8 Rd6 104. Kf2 Kf7 105. Ra8 d4 106. exd4 Rxd4 107. Ra3 Rd2+ 108. Ke3 Rd6 109. Kf4 Kf6 110. Ra8 Re6 111. Ke3 Rc6 112. Kf4 Re6 113. Ke3 Rb6 114. Kf4 Rb3 115. Ra6+ Kg7 116. g4 fxg4 117. Re6 Kh6 118. Kxe4 Rh3 119. Re8 Rxh4 120. Kf4 Rh1 121. Rh8+ Kg7 122. Ra8 Rf1+ 123. Kg5 g3 124. Ra7+ Rf7 125. Ra3 g2 126. Rg3 Rf5+ 127. Kh4 Rf4+ 128. Kh3 Rf3 0-1